 Dungeon Crawl Stone Soup version 0.23.1 (webtiles) character file.

Game seed: 4322305537938801155

26 Kairos the Sneak (level 3, -5/18 HPs)
             Began as a Vine Stalker Assassin on Mar 7, 2019.
             Slain by Sigmund
             ... wielding a +5 scythe of slicing
              (7 damage)
             ... on level 2 of the Dungeon.
             The game lasted 00:04:33 (1539 turns).

Kairos the Sneak (Vine Stalker Assassin)            Turns: 1539, Time: 00:04:33

Health: -5/18      AC:  5    Str: 14    XL:     3   Next: 8%
Magic:  0/4        EV: 11    Int: 11    God:
Gold:   68         SH:  0    Dex: 15    Spells: 2/2 levels left

rFire    . . .     SeeInvis .   a - +2 dagger
rCold    . . .     Gourm    .   (no shield)
rNeg     . . .     Faith    .   c - +0 robe
rPois    .         Spirit   +   p - +2 hat
rElec    .         Reflect  .   d - +0 cloak
rCorr    .         Harm     .   (no gloves)
MR       .....                  (no boots)
Stlth    +++.......             (no amulet)
HPRegen  0.06/turn              (no ring)
MPRegen  0.09/turn              (no ring)

@: no status effects
A: fangs 2, magic shield, antimagic bite, no potion heal 3, rot immunity
a: no special abilities


You were on level 2 of the Dungeon.
You were not hungry.

You visited 1 branch of the dungeon, and saw 2 of its levels.

You collected 68 gold pieces.

Inventory:

Hand Weapons
 a - a +2 dagger (weapon)
 b - a +0 blowgun
 n - a +2 short sword of venom
Missiles
 e - 8 poisoned needles
 f - 2 curare-tipped needles
Armour
 c - a +0 robe (worn)
 d - a +0 cloak (worn)
 p - a +2 hat (worn)
Scrolls
 h - 2 scrolls of amnesia
 i - a scroll of remove curse {unknown}
 k - a scroll of fog {unknown}
 l - a scroll of magic mapping {unknown}
 m - 2 scrolls of teleportation {unknown}
 o - a scroll of immolation {unknown}
Potions
 j - a potion of brilliance {unknown}
Comestibles
 g - a ration


   Skills:
 + Level 2.0 Fighting
 + Level 2.1 Short Blades
 + Level 2.0 Throwing
 + Level 0.8 Dodging
 + Level 5.5 Stealth


You had 2 spell levels left.
You didn't know any spells.
Your spell library was empty.

Dungeon Overview and Level Annotations

Branches:
Dungeon (2/15)

Altars:

Annotations:
D:2 Sigmund


Innate Abilities, Weirdness & Mutations

You have extremely sharp teeth.
When hurt, damage is shared between your health and your magic reserves.
Your bite disrupts and absorbs the magic of your enemies.
Potions cannot restore your health.
You are immune to rotting.


Message History

You climb upwards.
Reactivating autopickup.
There is a stone staircase leading down here.
You start resting.
You feel less confused.
You start resting.
You are feeling hungry.
You start resting.
HP restored.
You eat one of the 2 rations.
That ration really hit the spot!
You climb downwards.
Level annotation: Sigmund Sigmund laughs darkly.
Sigmund gestures at you while chanting. The puff of flame misses you.
There is a stone staircase leading up here.
Sigmund hits you from afar with a +5 scythe of slicing!!
Ouch! That really hurt!
* * * LOW HITPOINT WARNING * * *
You die...

#.......## ....#.....#
#......<.#.. #.#...#.....###
#..........# #.............
#......#...#.##............
..)....##..# ..............
#..# #.>####........... #.
#..# #...##.....(...###...
#..#####...##..<............
###.............@.............
..............@..............#
###.#.$...........)..........#
#.#.................)......#
........................#####
##.###.#######............. #.
...# #..........### # #####
#.......#### #########


You could see Sigmund.

Vanquished Creatures
  A leopard gecko (D:1)
  2 goblins
  4 hobgoblins (D:1)
  7 jackals (D:1)
  4 bats (D:1)
  A frilled lizard (D:2)
  3 kobolds
  A rat (D:1)
23 creatures vanquished.

Notes
Turn   | Place    | Note
-------+----------+-------------------------------------------
     0 | D:1      | Kairos the Vine Stalker Assassin began the quest for the
                  | Orb.
     0 | D:1      | Reached XP level 1. HP: 11/11 MP: 2/2
    66 | D:1      | Reached skill level 5 in Stealth
   459 | D:1      | Reached XP level 2. HP: 13/15 MP: 3/3
  1325 | D:2      | Reached XP level 3. HP: 18/18 MP: 4/4
  1352 | D:2      | Noticed Sigmund
  1539 | D:2      | Slain by Sigmund

Skill      XL: |  1  2 |
---------------+-------+-----
Stealth        | 5 |  5.5
Throwing       | 2 |  2.0
Short Blades   | 2 |  2.1
Fighting       | 2 |  2.0
Dodging        | |  0.8

Action                   || total
-------------------------++-------
Melee: Dagger            ||    69
       Bite              ||    11
  Use: Scroll            ||     1
 Stab: Sleeping          ||     5
  Eat: Chunk             ||     1
       Ration            ||     1
Armor: Robe              ||    18
Dodge: Dodged            ||    39
